 Dungeon Crawl Stone Soup version 0.28-a0-1435-g82390b3a13 (webtiles) character file.

Game seed: 7200982401723666855

51102 ytrimaz the Martial Artist (level 14, -4/109 HPs)
             Began as a Gnoll Transmuter on Jan 9, 2022.
             Was the Champion of Cheibriados.
             Slain by a titan zombie (34 damage)
             ... on level 2 of the Abyss on Jan 10, 2022.
             The game lasted 00:41:02 (26381 turns).

ytrimaz the Martial Artist (Gnoll Transmuter)      Turns: 26381, Time: 00:41:03

Health: -4/109     AC: 10    Str: 27      XL:     14   Next: 58%
Magic:  26/28      EV: 22    Int: 34 (35) God:    Cheibriados [******]
Gold:   1618       SH:  0    Dex: 26 (28) Spells: 20/34 levels left

rFire   + . .      SeeInvis +     - Unarmed
rCold   + . .      Faith    .   (no shield)
rNeg    . . .      Spirit   .   H - +0 steam dragon scales of the Land of Plenty {rElec rPois Will+ Str+3}
rPois   +          Reflect  .   (no helmet)
rElec   +          Harm     .   E - scarf {rC+ rF+}
rCorr   .          Rampage  .   o - +0 pair of gloves
Will    +....                   (no boots)
Stlth   ++........              (no amulet)
HPRegen 0.28/turn               l - +4 ring of protection
MPRegen 0.21/turn               r - ring "Woloel" {rElec rPois Will- Int+6 SInv}

@: about to teleport, glowing, very slow
A: fangs 1, strong nose, distributed training, [deformed body], [deterioration
2], [dopey 2]
a: Renounce Religion, Bend Time, Temporal Distortion, Slouch, Step From Time


You were on level 2 of the Abyss.
You worshipped Cheibriados.
Cheibriados was exalted by your worship.
You visited 3 branches of the dungeon, and saw 20 of its levels.
You visited the Abyss 1 time.
You also visited: Sewer, Bailey and Volcano.

You collected 1618 gold pieces.

Inventory:

Missiles
 c - 6 throwing nets
Armour
 o - a +0 pair of gloves (worn)
 E - a scarf of resistance (worn)
 H - the +0 steam dragon scales of the Land of Plenty (worn) {rElec rPois Will+ Str+3}
   (You found it on level 12 of the Dungeon)

   Str:       It affects your strength (+3).
   rElec:     It insulates you from electricity.
   rPois:     It protects you from poison.
   Will:      It increases your willpower.
 J - the +3 robe of Sin {Harm rN++ Dex-3 Archmagi}
   (You found it on level 13 of the Dungeon)

   Dex:       It affects your dexterity (-3).
   rN:        It greatly protects you from negative energy.
   Harm:      It increases damage dealt and taken.
   Archmagi:  It increases the power of your magical spells.
Jewellery
 k - a +6 ring of dexterity
 l - a +4 ring of protection (left hand)
 r - the ring "Woloel" (right hand) {rElec rPois Will- Int+6 SInv}
   (You took it off a gnoll sergeant in a bailey)

   [ring of intelligence]

   Int:       It affects your intelligence (+6).
   rElec:     It insulates you from electricity.
   rPois:     It protects you from poison.
   SInv:      It lets you see invisible.
   Will:      It decreases your willpower.
 K - a ring of magical power
Wands
 a - a wand of polymorph (3)
 i - a wand of flame (1)
 n - a wand of digging (5)
 w - a wand of mindburst (10)
 F - a wand of paralysis (9)
 I - a wand of charming (3)
Scrolls
 g - 9 scrolls of teleportation
 j - 2 scrolls of summoning
 p - a scroll of holy word
 v - a scroll of amnesia
 x - 3 scrolls of fear
 y - a scroll of blinking
 B - 5 scrolls of enchant weapon
 M - a scroll of brand weapon
Potions
 b - a potion of cancellation
 d - a potion of invisibility
 e - 3 potions of might
 h - 7 potions of lignification
 m - 2 potions of brilliance
 q - 5 potions of curing
 s - 2 potions of flight
 t - 2 potions of mutation
 u - 2 potions of resistance
 z - 3 potions of heal wounds
 A - 2 potions of magic
 C - a potion of attraction
 D - a potion of ambrosia {unknown}
 G - a potion of berserk rage
Miscellaneous
 L - a condenser vane


   Skills:
 + Level 9.7 Fighting
 + Level 9.3 Short Blades
 + Level 9.3 Long Blades
 + Level 9.3 Axes
 + Level 9.3 Maces & Flails
 + Level 9.3 Polearms
 + Level 9.3 Staves
 + Level 9.3 Slings
 + Level 9.3 Bows
 + Level 9.3 Crossbows
 + Level 9.3 Throwing
 + Level 9.3 Armour
 + Level 10.4 Dodging
 + Level 9.3 Stealth
 + Level 9.3 Shields
 + Level 11.4 Unarmed Combat
 + Level 10.6 Spellcasting
 + Level 7.8 Conjurations
 + Level 7.8 Hexes
 + Level 7.8 Summonings
 + Level 7.8 Necromancy
 + Level 7.8 Translocations
 + Level 8.7 Transmutations
 + Level 7.8 Fire Magic
 + Level 7.8 Ice Magic
 + Level 7.8 Air Magic
 + Level 7.8 Earth Magic
 + Level 7.8 Poison Magic
 + Level 10.2 Invocations
 + Level 9.3 Evocations


You had 20 spell levels left.
You knew the following spells:

 Your Spells              Type           Power      Damage    Failure   Level
a - Freezing Cloud        Conj/Ice/Air   31%        6-21      2%          5
b - Wereblood             Tmut           67%        N/A       1%          2
c - Spider Form           Tmut/Pois      65%        N/A       1%          3
d - Ice Form              Ice/Tmut       65%        N/A       1%          4

Your spell library contained the following spells:

 Spells                   Type           Power      Damage    Failure   Level
 Beastly Appendage        Tmut           100%       N/A       1%          1
 Freeze                   Ice            100%       1d11      1%          1
 Static Discharge         Conj/Air       63%        N/A       1%          2
 Frozen Ramparts          Ice            100%       1d12      1%          3
 Ignite Poison            Fire/Tmut/Pois 65%        N/A       1%          3
 Mephitic Cloud           Conj/Pois/Air  63%        N/A       1%          3
 Stone Arrow              Conj/Erth      100%       3d13      1%          3
 Summon Guardian Golem    Hex/Summ       63%        N/A       1%          3
 Animate Armour           Summ/Erth      100%       N/A       1%          4
 Dispel Undead            Necr           63%        3d22      1%          4
 Hailstorm                Conj/Ice       63%        3d13      1%          4
 Sticky Flame             Conj/Fire      63%        2d8       1%          4
 Iskenderun's Battlesphe  Conj           63%        2d11      2%          5
 Iron Shot                Conj/Erth      31%        9d6       16%         6
 Orb of Destruction       Conj           31%        9d12      65%         7
 Spellforged Servitor     Conj/Summ      31%        N/A       65%         7
 Lehudib's Crystal Spear  Conj/Erth      31%        10d8      100%        8


Dungeon Overview and Level Annotations

Branches:
Dungeon (15/15)            Temple (1/1) D:6            Lair (4/6) D:11
  Swamp (0/4) Lair:2       Spider (0/4) Lair:4          Orc (0/2) D:10
 Vaults (0/5) D:13         Depths (0/4) D:15          Sewer (visited)
 Bailey (visited)         Volcano (visited)

Altars:
Ashenzari
Cheibriados
Dithmenos
Elyvilon
Fedhas
Gozag
Hepliaklqana
Kikubaaqudgha
Makhleb
Nemelex Xobeh
Okawaru
Qazlal
Ru
Sif Muna
Trog
Uskayaw
Vehumet
Wu Jian
Xom
Yredelemnul
Zin
The Shining One

Shops:
D:1 (

Annotations:
D:11 exclusion: statue
Lair:4 Urug


Innate Abilities, Weirdness & Mutations

You have very sharp teeth.
Your uncanny sense of smell can sniff out nearby items.
Your experience applies equally to all skills.
[Armour fits poorly on your strangely shaped body.]
[Your body often deteriorates upon taking damage.]
[You are very dopey. (Int -4)]


Message History

Unknown command.
You feel much better.
The angel hits you with a +1 whip of holy wrath!!
* * * LOW HITPOINT WARNING * * *
The angel completely misses you. The titan zombie hits you!
* * * LOW HITPOINT WARNING * * *
The angel closely misses you. x2
Unknown command.
You feel much better. The angel misses you. The angel barely misses you.
The titan zombie hits you!
* * * LOW HITPOINT WARNING * * *
Unknown command.
You feel much better.
The angel hits you with a +1 whip of holy wrath!
* * * LOW HITPOINT WARNING * * *
The angel hits you with a +1 whip of holy wrath.
* * * LOW HITPOINT WARNING * * *
The angel hits you with a +1 whip of holy wrath!
* * * LOW HITPOINT WARNING * * *
Your body deteriorates!
You feel clumsy. The angel completely misses you.
The titan zombie hits you but does no damage.
Unknown command.
You feel much better. The angel hits you but does no damage.
The angel completely misses you. The titan zombie hits you!
* * * LOW HITPOINT WARNING * * *
Unknown command.
Unknown command.
You feel much better. The angel completely misses you.
The angel closely misses you. The angel misses you.
The angel hits you but does no damage.
Unknown command.
Unknown command.
Unknown command.
The angel hits you with a +1 whip of holy wrath!
Your body deteriorates!
You feel dopey.
The angel hits you with a +1 whip of holy wrath.
* * * LOW HITPOINT WARNING * * *
The titan zombie hits you!!
You die...

# # ####.. . .#.
.#.. # #.. #.# .
#.#######°#####
####
.....∩Z@A.§§.§○....
. ###.########### #
#


You could see an angel and a titan zombie.

Vanquished Creatures
  Rupert (Lair:3)
  A tentacled starspawn (Abyss:2)
  A stone giant (D:15)
  Josephine (D:13)
  An ettin (D:13)
  5 hydras
  2 boulder beetles (D:15)
  An ogre mage (D:15)
  4 centaur warriors
  7 two-headed ogres
  Nergalle (D:10)
  Sonja (D:13)
  A wretched star (Abyss:2)
  An iron troll (D:13)
  3 skeletal warriors (D:15)
  An orb spider (Lair:4)
  A wizard (D:15)
  2 lindwurms (Volcano)
  A bog body (Lair:2)
  2 deep elf pyromancers
  A phantasmal warrior (D:13)
  An orc knight (D:15)
  Pikel (D:7)
  5 ugly things (D:14)
  7 slime creatures
  2 cyclopes (D:15)
  A manticore (D:12)
  Joseph (D:7)
  2 black mambas
  A smoke demon (Abyss:2)
  A black mamba (shapeshifter) (D:12)
  3 molten gargoyles (Volcano)
  Maggie (D:8)
  3 gargoyles
  A cane toad (Lair:3)
  An unseen horror (D:11)
  4 komodo dragons
  A yaktaur (D:15)
  4 kobold demonologists (D:12)
  3 efreet
  3 tengu conjurers
  A polar bear (Lair:3)
  A queen bee (D:9)
  10 yaks
  2 water elementals (D:11)
  2 vampires (D:12)
  7 wraiths
  A basilisk (shapeshifter) (D:14)
  4 wyverns
  3 fire elementals (Volcano)
  Eustachio (D:4)
  A neqoxec (Abyss:2)
  A steam dragon (D:10)
  3 swamp worms (Lair:2)
  Menkaure (D:5)
  A warg (shapeshifter) (D:13)
  A small abomination (Abyss:2)
  9 vampire mosquitoes
  2 acid dragons
  6 water moccasins
  Duvessa (D:5)
  9 orc warriors
  2 sky beasts
  Pargi (Sewer)
  3 ice beasts
  2 black bears
  3 wolves (Bailey)
  5 boggarts (D:15)
  8 centaurs
  5 kobold brigands
  A lemure (D:7)
  8 bullfrogs
  8 gnoll sergeants
  8 scorpions
  3 earth elementals (Volcano)
  A water moccasin zombie (D:5)
  Dowan (D:5)
  23 killer bees
  5 wights (D:9)
  3 howler monkeys (D:10)
  3 centaur zombies
  4 electric eels
  9 gnoll shamans
  5 hounds
  2 jellies
  8 orc priests
  Ijyb (D:5)
  4 bullfrog skeletons
  Natasha (twice) (D:3)
  15 orc wizards
  A hound zombie (D:5)
  A hound skeleton (D:5)
  A howler monkey zombie (D:8)
  35 gnolls
  16 adders
  A white imp (D:7)
  3 worms
  45 orcs
  13 endoplasms
  9 giant cockroaches
  6 goblins
  3 hobgoblins
  2 jackals (D:4)
  22 kobolds
  5 quokkas
  11 ball pythons
  12 bats
  9 frilled lizards
  2 rats
  A fire vortex (Volcano)
493 creatures vanquished.

Vanquished Creatures (others)
  17 fungi
  63 plants
  A starspawn tentacle (Abyss:2)
81 creatures vanquished.

Grand Total: 574 creatures vanquished

Notes
Turn   | Place    | Note
-------+----------+-------------------------------------------
     0 | D:1      | ytrimaz the Gnoll Transmuter began the quest for the Orb.
     0 | D:1      | Reached XP level 1. HP: 17/17 MP: 6/6
     4 | D:1      | Noticed an electric eel
   151 | D:1      | Noticed an electric eel
   174 | D:1      | Reached XP level 2. HP: 23/23 MP: 5/7
   378 | D:1      | Found Hugg's Weapon Boutique.
   476 | D:1      | Learned a level 2 spell: Wereblood
   671 | D:1      | Reached XP level 3. HP: 9/28 MP: 9/9
   674 | D:1      | Reached skill level 5 in Spellcasting
  1052 | D:2      | Reached skill level 1 in Invocations
  1157 | D:2      | Reached skill level 1 in Short Blades
  1157 | D:2      | Reached skill level 1 in Long Blades
  1157 | D:2      | Reached skill level 1 in Axes
  1157 | D:2      | Reached skill level 1 in Maces & Flails
  1157 | D:2      | Reached skill level 1 in Polearms
  1157 | D:2      | Reached skill level 1 in Staves
  1157 | D:2      | Reached skill level 1 in Slings
  1157 | D:2      | Reached skill level 1 in Bows
  1157 | D:2      | Reached skill level 1 in Crossbows
  1157 | D:2      | Reached skill level 1 in Throwing
  1157 | D:2      | Reached skill level 1 in Armour
  1157 | D:2      | Reached skill level 1 in Stealth
  1157 | D:2      | Reached skill level 1 in Shields
  1157 | D:2      | Reached skill level 1 in Evocations
  1182 | D:2      | Reached XP level 4. HP: 34/34 MP: 9/11
  1255 | D:2      | Reached skill level 1 in Conjurations
  1255 | D:2      | Reached skill level 1 in Hexes
  1255 | D:2      | Reached skill level 1 in Summonings
  1255 | D:2      | Reached skill level 1 in Necromancy
  1255 | D:2      | Reached skill level 1 in Translocations
  1255 | D:2      | Reached skill level 1 in Fire Magic
  1255 | D:2      | Reached skill level 1 in Ice Magic
  1255 | D:2      | Reached skill level 1 in Air Magic
  1255 | D:2      | Reached skill level 1 in Earth Magic
  1255 | D:2      | Reached skill level 1 in Poison Magic
  1959 | D:3      | Learned a level 3 spell: Spider Form
  1975 | D:3      | Learned a level 4 spell: Ice Form
  2155 | D:3      | Noticed Natasha
  2165 | D:3      | Reached XP level 5. HP: 17/40 MP: 3/12
  2170 | D:3      | Killed Natasha
  2926 | D:3      | Reached XP level 6. HP: 47/47 MP: 7/13
  2999 | D:3      | Found a faded altar of an unknown god.
  3282 | D:3      | Noticed Natasha
  3288 | D:3      | Killed Natasha
  3768 | D:4      | Reached skill level 5 in Dodging
  4027 | D:4      | Reached XP level 7. HP: 25/52 MP: 4/15
  4036 | D:4      | Reached skill level 7 in Unarmed Combat
  4343 | D:4      | Noticed Eustachio
  4356 | D:4      | Killed Eustachio
  5018 | D:5      | Entered Level 5 of the Dungeon
  5027 | D:5      | Reached XP level 8. HP: 57/60 MP: 16/16
  5081 | D:5      | Noticed Ijyb
  5111 | D:5      | Killed Ijyb
  5310 | D:5      | Noticed Duvessa
  5312 | D:5      | Noticed Dowan
  5323 | D:5      | Killed Duvessa
  5335 | D:5      | Killed Dowan
  5336 | D:5      | Noticed Menkaure
  5360 | D:5      | Killed Menkaure
  5727 | D:5      | Identified the +4 ring mail of the Equinox {Int+3 Dex+4}
  6026 | D:6      | Found a glowing drain.
  6032 | D:6      | Reached XP level 9. HP: 66/66 MP: 9/18
  6036 | Sewer    | Entered a sewer
  6049 | Sewer    | Reached skill level 5 in Transmutations
  6178 | Sewer    | Noticed Pargi
  6188 | Sewer    | Killed Pargi
  6745 | D:6      | Found a staircase to the Ecumenical Temple.
  6752 | Temple   | Entered the Ecumenical Temple
  6920 | Temple   | Became a worshipper of Cheibriados the Contemplative
  6974 | D:6      | Reached skill level 5 in Fighting
  7255 | D:7      | Noticed Joseph
  7266 | D:7      | Killed Joseph
  7267 | D:7      | Reached skill level 8 in Unarmed Combat
  7568 | D:7      | Reached skill level 5 in Invocations
  7705 | D:7      | Reached * piety under Cheibriados
  7808 | D:7      | Noticed Pikel
  7819 | D:7      | Killed Pikel
  7820 | D:7      | Reached XP level 10. HP: 69/75 MP: 9/20
  8257 | D:8      | Reached skill level 5 in Short Blades
  8257 | D:8      | Reached skill level 5 in Long Blades
  8257 | D:8      | Reached skill level 5 in Axes
  8257 | D:8      | Reached skill level 5 in Maces & Flails
  8257 | D:8      | Reached skill level 5 in Polearms
  8257 | D:8      | Reached skill level 5 in Staves
  8257 | D:8      | Reached skill level 5 in Slings
  8257 | D:8      | Reached skill level 5 in Bows
  8257 | D:8      | Reached skill level 5 in Crossbows
  8257 | D:8      | Reached skill level 5 in Throwing
  8257 | D:8      | Reached skill level 5 in Armour
  8257 | D:8      | Reached skill level 5 in Stealth
  8257 | D:8      | Reached skill level 5 in Shields
  8257 | D:8      | Reached skill level 5 in Evocations
  8258 | D:8      | Reached ** piety under Cheibriados
  8278 | D:8      | Found a flagged portal.
  8318 | Bailey   | Entered a bailey
  9110 | Bailey   | Reached *** piety under Cheibriados
  9121 | Bailey   | Identified the ring "Woloel" {rElec rPois Will- Int+6 SInv}
  9704 | D:8      | Found a broken altar of Ashenzari.
 10054 | D:8      | Noticed Maggie
 10059 | D:8      | Killed Maggie
 10531 | D:9      | Reached **** piety under Cheibriados
 10968 | D:9      | Reached XP level 11. HP: 83/83 MP: 15/22
 11264 | D:9      | Paralysed by an orc for 6 turns
 11550 | D:9      | Reached skill level 9 in Unarmed Combat
 11566 | D:9      | Reached ***** piety under Cheibriados
 11567 | D:9      | Reached skill level 5 in Conjurations
 11567 | D:9      | Reached skill level 5 in Hexes
 11567 | D:9      | Reached skill level 5 in Summonings
 11567 | D:9      | Reached skill level 5 in Necromancy
 11567 | D:9      | Reached skill level 5 in Translocations
 11567 | D:9      | Reached skill level 5 in Fire Magic
 11567 | D:9      | Reached skill level 5 in Ice Magic
 11567 | D:9      | Reached skill level 5 in Air Magic
 11567 | D:9      | Reached skill level 5 in Earth Magic
 11567 | D:9      | Reached skill level 5 in Poison Magic
 11793 | D:10     | Entered Level 10 of the Dungeon
 11819 | D:10     | Noticed a two-headed ogre
 11829 | D:10     | Killed a two-headed ogre
 12050 | D:10     | Noticed Nergalle
 12063 | D:10     | Killed Nergalle
 12145 | D:10     | Found a staircase to the Orcish Mines.
 12808 | D:11     | Noticed a six-headed hydra
 12815 | D:11     | Killed a six-headed hydra
 13192 | D:11     | Found a radiant altar of Vehumet.
 13216 | D:11     | Found a staircase to the Lair.
 14124 | D:11     | Learned a level 5 spell: Freezing Cloud
 14132 | D:12     | Noticed a two-headed ogre
 14132 | D:12     | Noticed a manticore
 14180 | D:12     | Killed a manticore
 14184 | D:12     | Killed a two-headed ogre
 14185 | D:12     | Reached XP level 12. HP: 79/91 MP: 15/24
 14386 | D:12     | Identified the +0 steam dragon scales of the Land of Plenty
                  | {rElec rPois Will+ Str+3}
 14621 | D:12     | Reached ****** piety under Cheibriados
 14871 | D:12     | Noticed a two-headed ogre
 14878 | D:12     | Killed a two-headed ogre
 15517 | D:13     | Noticed Sonja
 15524 | D:13     | Killed Sonja
 15525 | D:13     | Reached skill level 10 in Unarmed Combat
 15764 | D:13     | Identified the +3 robe of Sin {Harm rN++ Dex-3 Archmagi}
 15790 | D:13     | Noticed Josephine
 15798 | D:13     | Killed Josephine
 16197 | D:13     | Noticed an ettin
 16197 | D:13     | Noticed an iron troll
 16206 | D:13     | Killed an ettin
 16210 | D:13     | Killed an iron troll
 16386 | D:13     | Found a gate to the Vaults.
 16518 | D:13     | Reached XP level 13. HP: 98/98 MP: 21/26
 17727 | D:14     | Found an ornate altar of the Wu Jian Council.
 17858 | D:15     | Entered Level 15 of the Dungeon
 18725 | D:15     | Found a staircase to the Depths.
 18727 | D:15     | Noticed a stone giant
 18788 | D:15     | Killed a stone giant
 20001 | D:15     | Reached skill level 10 in Spellcasting
 20176 | D:15     | Reached skill level 10 in Dodging
 20176 | D:15     | Reached skill level 11 in Unarmed Combat
 20178 | D:15     | Reached XP level 14. HP: 105/108 MP: 18/28
 20880 | Lair:1   | Entered Level 1 of the Lair of Beasts
 21857 | Lair:2   | You fall into a shaft and drop 1 floor!
 22219 | Lair:2   | Found a dark tunnel.
 22229 | Volcano  | Entered a volcano
 23052 | Volcano  | Reached skill level 10 in Invocations
 23358 | Lair:2   | Found a staircase to the Swamp.
 24436 | Lair:3   | Noticed Rupert
 24438 | Lair:3   | Paralysed by Rupert for 2 turns
 24448 | Lair:3   | Killed Rupert
 24450 | Lair:3   | HP: 6/130 [cloud of freezing vapour (6)]
 25634 | Lair:4   | Found a hole to the Spider Nest.
 25866 | Lair:4   | Noticed Urug
 25870 | Lair:4   | Cast into level 2 of the Abyss (Urug)
 26210 | Abyss:2  | Noticed a tentacled starspawn
 26223 | Abyss:2  | Killed a tentacled starspawn
 26371 | Abyss:2  | Noticed an angel
 26381 | Abyss:2  | Slain by a titan zombie

Illustrated notes

Levels and vault maps discovered:
D:1:      arrival_aquarium_b, layout_basic, serial_shops, shop
D:2:      layout_rooms
D:3:      layout_loops_corners, hellmonk_ecumenical_altar_lost_god, uniq_natasha
D:4:      layout_loops_corners, lexackson_kobold_supper, uniq_eustachio
D:5:      layout_rooms, uniq_menkaure, uniq_duvessa, uniq_ijyb
D:6:      layout_gridville, minmay_temple_entry_steel_oval, gup_sewer_entry_pipe
D:7:      old_forge, layout_basic, uniq_pikel, uniq_joseph
D:8:      layout_loops_cross, evilmike_ruin_ashenzari, enter_bailey_7,
          nicolae_ossuary_entry_false_entrances, uniq_maggie
D:9:      layout_long_grid, nicolae_looking_at_the_future
D:10:     layout_cave_pools, erik_orc_2, uniq_nergalle
D:11:     layout_irregular_city, grunt_lair_entry_orc_guard_hut, serial_bayou,
          serial_bayou_ford_a, serial_bayou_pond_c, serial_bayou_crossing,
          serial_bayou_pond_c, vehumet_statue
D:12:     layout_rooms, grunt_ministairs_9, kennysheep_generic_room_11
D:13:     layout_irregular_city, david_vaults_4, serial_rivers,
          chequers_serial_rivers_micro_d, chequers_serial_rivers_room_b,
          chequers_serial_rivers_micro_e, chequers_serial_rivers_micro_c,
          chequers_serial_rivers_room_b, uniq_josephine, uniq_sonja
D:14:     layout_irregular_city, nicolae_wu_jian_immortal_techniques
D:15:     grunt_enter_depths_giant_problem, layout_long_grid,
          serial_park_square3 [serial_park_minivault_5x5_8]
Temple:   kilobyte_greek_temple
Lair:1:   layout_regular_city
Lair:2:   layout_small_grid, nicolae_swamp_entry_splash_gauntlet,
          lightli_volcano_entry_magma_tube, infiniplex_staircase_pool
Lair:3:   layout_cave_pods, minivault_19, uniq_rupert
Lair:4:   layout_cave_pods, nicolae_spider_entry_orb_guardian,
          lemuel_fruit_tree, uniq_urug
Abyss:2:  base:
D:1

Skill      XL: |  1  2  3  4  5  6  7  8  9 10 11 12 13 14 |
---------------+-------------------------------------------+-----
Spellcasting   | 5 6 7 8 9 10 | 10.6
Invocations    | 1 2 3 4 5 6 7 8 9 10 | 10.2
Short Blades   | 1 2 3 4 5 6 7 8 9 |  9.3
Long Blades    | 1 2 3 4 5 6 7 8 9 |  9.3
Axes           | 1 2 3 4 5 6 7 8 9 |  9.3
Maces & Flails | 1 2 3 4 5 6 7 8 9 |  9.3
Polearms       | 1 2 3 4 5 6 7 8 9 |  9.3
Staves         | 1 2 3 4 5 6 7 8 9 |  9.3
Slings         | 1 2 3 4 5 6 7 8 9 |  9.3
Bows           | 1 2 3 4 5 6 7 8 9 |  9.3
Crossbows      | 1 2 3 4 5 6 7 8 9 |  9.3
Throwing       | 1 2 3 4 5 6 7 8 9 |  9.3
Armour         | 1 2 3 4 5 6 7 8 9 |  9.3
Stealth        | 1 2 3 4 5 6 7 8 9 |  9.3
Shields        | 1 2 3 4 5 6 7 8 9 |  9.3
Evocations     | 1 2 3 4 5 6 7 8 9 |  9.3
Conjurations   | 1 2 3 4 5 6 7 |  7.8
Hexes          | 1 2 3 4 5 6 7 |  7.8
Summonings     | 1 2 3 4 5 6 7 |  7.8
Necromancy     | 1 2 3 4 5 6 7 |  7.8
Translocations | 1 2 3 4 5 6 7 |  7.8
Fire Magic     | 1 2 3 4 5 6 7 |  7.8
Ice Magic      | 1 2 3 4 5 6 7 |  7.8
Air Magic      | 1 2 3 4 5 6 7 |  7.8
Earth Magic    | 1 2 3 4 5 6 7 |  7.8
Poison Magic   | 1 2 3 4 5 6 7 |  7.8
Fighting       | 3 4 5 6 7 8 9 |  9.7
Transmutations | 4 5 6 7 8 |  8.7
Dodging        | 5 6 7 8 9 10 | 10.4
Unarmed Combat | 7 8 9 10 11 | 11.4

Action                   |  1- 3 |  4- 6 |  7- 9 | 10-12 | 13-15 || total
-------------------------+-------+-------+-------+-------+-------++-------
Melee: Unarmed           |    92 |   144 |   317 |   526 |   279 ||  1358
       Kick              |    14 |    19 |    12 |     1 |       ||    46
       Headbutt          |     4 |     9 |     6 |     1 |       ||    20
       Bite              |    10 |     6 |    11 |     1 |     5 ||    33
       Punch             |     1 |     5 |     5 |     3 |       ||    14
 Cast: Beastly Appendage |    13 |    17 |    10 |     1 |       ||    41
       Wereblood         |     2 |     3 |     6 |    11 |     1 ||    23
       Spider Form       |       |     7 |     7 |       |     2 ||    16
       Ice Form          |       |     1 |    18 |    59 |    51 ||   129
       Freezing Cloud    |       |       |       |    13 |    46 ||    59
Evoke: Wand              |       |       |       |       |     4 ||     4
       Condenser vane    |       |       |       |       |     1 ||     1
  Use: Scroll            |     3 |     7 |     6 |     4 |    18 ||    38
       Potion            |       |     1 |     4 |       |     6 ||    11
 Stab: Sleeping          |     4 |     1 |     8 |     3 |     6 ||    22
Armor: Robe              |    33 |    11 |    29 |     6 |       ||    79
       Skin              |       |     3 |    82 |   268 |    95 ||   448
       Steam dragon scal |       |       |       |     1 |     6 ||     7
Dodge: Dodged            |    90 |   113 |   214 |   601 |   263 ||  1281

Table legend: (Time is in decaauts)
 A = Elapsed time spent in this place.
 B = Non-inter-level travel time spent in this place.
 C = Inter-level travel time spent in this place.
 D = Time resting spent in this place.
 E = Time spent auto-exploring this place.
 F = Levels seen in this place.
 G = Mean time per level.
                   A        B        C        D        E       F      G
               +--------+--------+--------+--------+--------+-----+--------+
         Total |  34049 |  33015 |   1034 |   5858 |  21288 |  24 | 1418.7 |
       Dungeon |  23813 |  22965 |    848 |   3761 |  15115 |  15 | 1587.5 |
        Temple |    217 |    170 |     47 |      0 |    155 |   1 |  217.0 |
          Lair |   6498 |   6360 |    138 |    447 |   5046 |   4 | 1624.5 |
         Abyss |    597 |    597 |      0 |    362 |     85 |   1 |  597.0 |
         Sewer |    369 |    369 |      0 |    105 |    110 |   1 |  369.0 |
        Bailey |   1320 |   1320 |      0 |    424 |    555 |   1 | 1320.0 |
       Volcano |   1233 |   1233 |      0 |    759 |    220 |   1 | 1233.0 |
               +--------+--------+--------+--------+--------+-----+--------+

Top non-repeatable levels by time:
    D:14: 2770 daAuts
    D:15: 2628 daAuts
  Lair:2: 2364 daAuts
  Lair:3: 2108 daAuts
    D:11: 2099 daAuts
    D:13: 1996 daAuts
     D:9: 1757 daAuts
    D:12: 1675 daAuts
     D:3: 1610 daAuts
     D:8: 1589 daAuts
  Lair:1: 1589 daAuts
     D:4: 1506 daAuts
    D:10: 1401 daAuts
  Bailey: 1320 daAuts
 Volcano: 1233 daAuts
